 Dungeon Crawl Stone Soup version 0.27-a0-1186-g8b4daa1eef (webtiles) character file.

Game seed: 5309165696283266392

154 ZappyNine the Grave Robber (level 5, -3/37 HPs)
             Began as a Gnoll Necromancer on May 19, 2021.
             Slain by a scorpion (7 damage)
             ... on level 4 of the Dungeon.
             The game lasted 00:04:19 (5691 turns).

ZappyNine the Grave Robber (Gnoll Necromancer)      Turns: 5691, Time: 00:04:19

Health: -3/37      AC:  7    Str:  9    XL:     5   Next: 36%
Magic:  2/12       EV: 11    Int: 14    God:
Gold:   142        SH:  0    Dex: 12    Spells: 10/14 levels left

rFire    . . .     SeeInvis .   i - +1 dagger (vamp)
rCold    + . .     Faith    .   (no shield)
rNeg     + . .     Spirit   .   b - +2 ring mail {rN+}
rPois    .         Reflect  .   (no helmet)
rElec    .         Harm     .   (no cloak)
rCorr    .         Rampage  .   (no gloves)
Will     .....                  (no boots)
Stlth    ++........             (no amulet)
HPRegen  0.12/turn              j - ring of flight
MPRegen  0.13/turn              g - ring of protection from cold

@: lethally poisoned (-3 -> -7), flying
A: fangs 1, strong nose, distributed training
a: no special abilities


You were on level 4 of the Dungeon.
You visited 1 branch of the dungeon, and saw 4 of its levels.

You collected 142 gold pieces.

Inventory:

Hand Weapons
 i - a +1 vampiric dagger (weapon)
Armour
 b - a +2 ring mail of positive energy (worn)
Jewellery
 g - a ring of protection from cold (right hand)
 j - a ring of flight (left hand)
Scrolls
 f - 2 scrolls of identify
 h - a scroll of torment


   Skills:
 + Level 1.4 Fighting
 + Level 1.4 Short Blades
 + Level 1.4 Long Blades
 + Level 1.4 Axes
 + Level 1.4 Maces & Flails
 + Level 1.4 Polearms
 + Level 1.4 Staves
 + Level 1.4 Slings
 + Level 1.4 Bows
 + Level 1.4 Crossbows
 + Level 1.4 Throwing
 + Level 1.4 Armour
 + Level 4.8 Dodging
 + Level 4.4 Stealth
 + Level 1.4 Shields
 + Level 1.4 Unarmed Combat
 + Level 5.2 Spellcasting
 + Level 1.1 Conjurations
 + Level 1.1 Hexes
 + Level 1.1 Summonings
 + Level 7.2 Necromancy
 + Level 1.1 Translocations
 + Level 1.1 Transmutations
 + Level 1.1 Fire Magic
 + Level 1.1 Ice Magic
 + Level 1.1 Air Magic
 + Level 1.1 Earth Magic
 + Level 1.1 Poison Magic
 + Level 1.6 Invocations
 + Level 1.4 Evocations


You had 10 spell levels left.
You knew the following spells:

 Your Spells              Type           Power      Damage    Failure   Level
a - Pain                  Necr           92%        1d8       2%          1
b - Vampiric Draining     Necr           11%        2d7       8%          3

Your spell library contained the following spells:

 Spells                   Type           Power      Damage    Failure   Level
 Animate Skeleton         Necr           46%        N/A       2%          1
 Animate Dead             Necr           11%        N/A       24%         4
 Agony                    Necr           23%        N/A       56%         5


Dungeon Overview and Level Annotations

Branches:
Dungeon (4/15)
 Temple: D:4-7

Altars:
Ashenzari
Okawaru


Innate Abilities, Weirdness & Mutations

You have very sharp teeth.
Your uncanny sense of smell can sniff out nearby items.
Your experience applies equally to all skills.


Message History

The scorpion stings you.
* * * LOW HITPOINT WARNING * * *
You feel very sick.
You aren't carrying any potions.
Casting: Pain (safe; 2% risk of failure)
Confirm with . or Enter, or press ? or * to list all spells.
The spell is quite dangerous to cast (8% risk of failure)!
Continue anyway?
Aiming: Vampiric Draining (quite dangerous; 8% risk of failure)
Press: ? - help, Shift-Dir - straight line, f - scorpion
Aim: a scorpion (almost dead)
You draw life force from the scorpion!
You kill the scorpion!
You feel life coursing into your body.
* * * LOW HITPOINT WARNING * * *
You feel very sick.
You have reached level 5!
* * * LOW HITPOINT WARNING * * *
You feel sick.
Casting: Vampiric Draining (dangerous; 8% risk of failure)
Confirm with . or Enter, or press ? or * to list all spells.
Aiming: Vampiric Draining (dangerous; 8% risk of failure)
Press: ? - help, Shift-Dir - straight line, f - scorpion
Aim: a scorpion Nothing appears to happen.
* * * LOW HITPOINT WARNING * * *
You feel sick. The scorpion closely misses you. The scorpion barely misses you.
Casting: Vampiric Draining (dangerous; 8% risk of failure)
Confirm with . or Enter, or press ? or * to list all spells.
Aiming: Vampiric Draining (dangerous; 8% risk of failure)
Press: ? - help, Shift-Dir - straight line, f - scorpion
Aim: a scorpion You draw life force from the scorpion.
You feel life coursing into your body.
* * * LOW HITPOINT WARNING * * *
You feel sick. The scorpion barely misses you.
Unknown command.
You hit the scorpion but do no damage.
The scorpion is moderately wounded.
* * * LOW HITPOINT WARNING * * *
You feel sick. The scorpion stings you!
You die...

..# ... ..# #..# ##
###..# ... #$...# ##...
∆∆ #†# #..... .
#s####..... .. ##
#@......# ...
...#.......# ....
#..#....##..## .....
#......# .##
......#####....#.# ...#
...........#...#.###...#
g......................#
......................##
..................##...##


You could see a scorpion.

Vanquished Creatures
  A scorpion (D:4)
  2 adders
  An adder skeleton (D:4)
  A worm (D:2)
  3 orcs (D:3)
  9 endoplasms
  3 giant cockroaches (D:1)
  10 goblins
  4 hobgoblins (D:1)
  4 jackals (D:1)
  3 kobolds
  3 quokkas
  4 ball pythons
  2 bats
  2 frilled lizards
  7 rats
59 creatures vanquished.

Notes
Turn   | Place    | Note
-------+----------+-------------------------------------------
     0 | D:1      | ZappyNine the Gnoll Necromancer began the quest for the
                  | Orb.
     0 | D:1      | Reached XP level 1. HP: 13/13 MP: 6/6
   819 | D:1      | Reached XP level 2. HP: 7/19 MP: 5/7
  2047 | D:1      | Reached XP level 3. HP: 24/25 MP: 9/9
  2120 | D:1      | Reached skill level 5 in Spellcasting
  2950 | D:2      | Reached skill level 1 in Invocations
  3408 | D:2      | Found a faded altar of an unknown god.
  3578 | D:2      | Reached skill level 1 in Fighting
  3578 | D:2      | Reached skill level 1 in Short Blades
  3578 | D:2      | Reached skill level 1 in Long Blades
  3578 | D:2      | Reached skill level 1 in Axes
  3578 | D:2      | Reached skill level 1 in Maces & Flails
  3578 | D:2      | Reached skill level 1 in Polearms
  3578 | D:2      | Reached skill level 1 in Staves
  3578 | D:2      | Reached skill level 1 in Slings
  3578 | D:2      | Reached skill level 1 in Bows
  3578 | D:2      | Reached skill level 1 in Crossbows
  3578 | D:2      | Reached skill level 1 in Throwing
  3578 | D:2      | Reached skill level 1 in Armour
  3578 | D:2      | Reached skill level 1 in Shields
  3578 | D:2      | Reached skill level 1 in Unarmed Combat
  3578 | D:2      | Reached skill level 1 in Evocations
  4155 | D:3      | Reached XP level 4. HP: 32/32 MP: 11/11
  4310 | D:3      | Found an iron altar of Okawaru.
  4780 | D:3      | Found a broken altar of Ashenzari.
  5499 | D:4      | Reached skill level 1 in Conjurations
  5499 | D:4      | Reached skill level 1 in Hexes
  5499 | D:4      | Reached skill level 1 in Summonings
  5499 | D:4      | Reached skill level 1 in Translocations
  5499 | D:4      | Reached skill level 1 in Transmutations
  5499 | D:4      | Reached skill level 1 in Fire Magic
  5499 | D:4      | Reached skill level 1 in Ice Magic
  5499 | D:4      | Reached skill level 1 in Air Magic
  5499 | D:4      | Reached skill level 1 in Earth Magic
  5499 | D:4      | Reached skill level 1 in Poison Magic
  5665 | D:4      | Learned a level 3 spell: Vampiric Draining
  5677 | D:4      | Noticed a scorpion
  5681 | D:4      | Noticed a scorpion
  5687 | D:4      | Killed a scorpion
  5688 | D:4      | Reached XP level 5. HP: 6/37 MP: 8/12
  5691 | D:4      | Slain by a scorpion

Illustrated notes

Levels and vault maps discovered:
D:1:      sevenhm_arrival_forest_fort_large_4, layout_loops_cross,
          minmay_pentomino_r2
D:2:      layout_basic, ebering_ecumenical_altar_petrified,
          minmay_misc_feat_ornament, grunt_decor_arrowhead
D:3:      layout_loops_ring, nicolae_ashenzari_panopticon, okawaru_gym_becter
D:4:      layout_cave_pools, gammafunk_ghost_necromancy

Skill      XL: |  1  2  3  4 |
---------------+-------------+-----
Spellcasting   | 5 |  5.2
Invocations    | 1 |  1.6
Fighting       | 1 |  1.4
Short Blades   | 1 |  1.4
Long Blades    | 1 |  1.4
Axes           | 1 |  1.4
Maces & Flails | 1 |  1.4
Polearms       | 1 |  1.4
Staves         | 1 |  1.4
Slings         | 1 |  1.4
Bows           | 1 |  1.4
Crossbows      | 1 |  1.4
Throwing       | 1 |  1.4
Armour         | 1 |  1.4
Shields        | 1 |  1.4
Unarmed Combat | 1 |  1.4
Evocations     | 1 |  1.4
Conjurations   | 1 |  1.1
Hexes          | 1 |  1.1
Summonings     | 1 |  1.1
Translocations | 1 |  1.1
Transmutations | 1 |  1.1
Fire Magic     | 1 |  1.1
Ice Magic      | 1 |  1.1
Air Magic      | 1 |  1.1
Earth Magic    | 1 |  1.1
Poison Magic   | 1 |  1.1
Dodging        | |  4.8
Stealth        | |  4.4
Necromancy     | |  7.2

Action                   |  1- 3 |  4- 6 || total
-------------------------+-------+-------++-------
Melee: Club              |    81 |       ||    81
       Unarmed           |     6 |       ||     6
       Bite              |    15 |    14 ||    29
       Dagger            |   144 |   134 ||   278
       Punch             |       |     2 ||     2
 Cast: Pain              |    18 |     2 ||    20
       Vampiric Draining |       |     3 ||     3
  Use: Potion            |     2 |       ||     2
       Scroll            |       |     5 ||     5
 Stab: Sleeping          |     3 |     4 ||     7
Armor: Robe              |    11 |       ||    11
       Scale mail        |    51 |       ||    51
       Ring mail         |    28 |    60 ||    88
       Skin              |    16 |       ||    16
Dodge: Dodged            |    98 |    92 ||   190

Table legend: (Time is in decaauts)
 A = Elapsed time spent in this place.
 B = Non-inter-level travel time spent in this place.
 C = Inter-level travel time spent in this place.
 D = Time resting spent in this place.
 E = Time spent auto-exploring this place.
 F = Levels seen in this place.
 G = Mean time per level.
                   A        B        C        D        E       F      G
               +--------+--------+--------+--------+--------+-----+--------+
         Total |   5702 |   5482 |    220 |   1551 |   3174 |   4 | 1425.5 |
       Dungeon |   5702 |   5482 |    220 |   1551 |   3174 |   4 | 1425.5 |
               +--------+--------+--------+--------+--------+-----+--------+

Top non-repeatable levels by time:
     D:1: 2768 daAuts
     D:2: 1630 daAuts
     D:3: 1093 daAuts
     D:4: 210 daAuts
